 Dungeon Crawl Stone Soup version 0.29-a0-821-g66395355a5 (webtiles) character file.

Game seed: 11054453803916036052

850 kevlar127 the Ruffian (level 7, -5/108 HPs)
             Began as a Troll Berserker on July 7, 2022.
             Was a Priest of Trog.
             Slain by a black bear (7 damage)
             ... on level 6 of the Dungeon.
             The game lasted 00:08:58 (5561 turns).

kevlar127 the Ruffian (Troll Berserker)             Turns: 5561, Time: 00:08:58

Health: -5/108     AC:  4    Str: 28    XL:     7   Next: 69%
Magic:  6/6        EV: 10    Int:  3    God:    Trog [***...]
Gold:   266        SH:  0    Dex:  9    Spells: 6/6 levels left

rFire   . . .      SeeInvis .     - Unarmed
rCold   . . .      Faith    .   (no shield)
rNeg    . . .      Spirit   .   a - +0 animal skin
rPois   .          Reflect  .   (helmet restricted)
rElec   .          Harm     +   r - scarf {harm}
rCorr   .          Rampage  .   (gloves unavailable)
Will    .....                   (boots unavailable)
Stlth   ..........              (no amulet)
HPRegen 1.08/turn               (no ring)
MPRegen 0.10/turn               (no ring)

@: berserking, very quick
A: large, unfitting armour, claws 3, regeneration 1, shaggy fur 1, tough skin 1
a: Renounce Religion, Berserk, Trog's Hand


You were on level 6 of the Dungeon.
You worshipped Trog.
Trog was most pleased with you.
You visited 1 branch of the dungeon, and saw 6 of its levels.

You collected 266 gold pieces.

Inventory:

Missiles
 e - 41 stones (quivered)
 l - a throwing net
 o - 2 curare-tipped darts
Armour
 a - a +0 animal skin (worn)
 r - a scarf of harm (worn)
 w - a +0 kite shield
Wands
 q - a wand of flame (20)
 v - a wand of mindburst (13)
 x - a wand of roots (10)
Scrolls
 c - 2 scrolls of blinking {unknown}
 d - 2 scrolls of summoning {unknown}
 g - a scroll of fog {unknown}
 i - 3 scrolls of fear {unknown}
 j - a scroll of teleportation {unknown}
 k - 3 scrolls of enchant weapon {unknown}
 m - 6 scrolls of identify {unknown}
 u - a scroll of amnesia {unknown}
 y - a scroll of magic mapping {unknown}
 C - a scroll of poison {unknown}
 D - a scroll of vulnerability {unknown}
Potions
 b - 2 potions of degeneration {unknown}
 f - 2 potions of flight {unknown}
 h - a potion of haste {unknown}
 n - 2 potions of cancellation {unknown}
 p - 3 potions of mutation {unknown}
 s - a potion of might {unknown}
 t - 2 potions of curing {unknown}
 z - a potion of lignification {unknown}
 A - a potion of attraction {unknown}


   Skills:
 + Level 5.1 Fighting
 - Level 3.0 Armour
 - Level 3.0 Dodging
 + Level 6.0 Unarmed Combat


You had 6 spell levels left.
You didn't know any spells.
Your spell library was empty.

Dungeon Overview and Level Annotations

Branches:
Dungeon (6/15)             Temple (0/1) D:6

Altars:
Ashenzari
Gozag
Hepliaklqana
Kikubaaqudgha
Okawaru
Sif Muna
Yredelemnul
Zin

Shops:
D:3 ?   D:4 [

Portals:
Sewer: D:6


Innate Abilities, Weirdness & Mutations

You are too large for most types of armour.
You have claws for hands.
Your natural rate of healing is unusually fast.
You are covered in fur. (AC +1)
You have tough skin. (AC +1)


Message History

The iguana bites you but does no damage.
The orc wizard gestures wildly while chanting.
The orc wizard flickers and vanishes!
Deactivating autopickup; reactivate with Ctrl-A.
The black bear closely misses you. The black bear claws you. x2
The iguana closely misses you.
You scratch the black bear but do no damage.
The black bear closely misses you. x2; The black bear claws you.
The iguana barely misses you.
You mangle the black bear!!
The black bear is severely wounded.
The black bear goes berserk!
The iguana barely misses you.
You barely miss the black bear.
The black bear is severely wounded.
You hear the slow rusting of a drain.
The black bear bites you. The black bear misses you.
The black bear barely misses you. The orc hits you with a +0 club.
The iguana closely misses you.
You barely miss the black bear.
The black bear is severely wounded.
The black bear barely misses you. The black bear closely misses you.
The black bear barely misses you. The orc hits you with a +0 club.
An orc warrior comes into view. It is wielding a +0 short sword.
The black bear barely misses you. The black bear closely misses you. x2
The iguana bites you! Something hits you.
You completely miss the black bear.
The black bear is severely wounded.
The orc warrior shouts!
You hear a shout!
The black bear bites you! The black bear barely misses you.
The black bear claws you but does no damage.
The orc barely misses you. Something hits you.
* * * LOW HITPOINT WARNING * * *
The iguana bites you!
* * * LOW HITPOINT WARNING * * *
A red film seems to cover your vision as you go berserk!
You feel yourself moving faster!
You feel mighty! The black bear bites you!
* * * LOW HITPOINT WARNING * * *
The black bear claws you but does no damage.
The black bear claws you.
You die...

##.#.:....#≈.≈#...........
..........≈≈≈≈≈..........#
##.####.#≈≈≈≈≈≈≈#.###....#
.........≈≈≈≈≈≈≈†.........
..####...≈≈≈∩≈≈≈..........
....o..≈≈≈≈≈≈≈≈?.......#
..####.#≈≈≈≈≈≈≈#..#.....#
#..lh{≈≈≈≈...........
#.#o@#...#..#.#≈≈.≈≈#
#.#.....!.....#)≈.≈)#
#.#.#.#.#.#.###≈≈.≈≈# ..
...#.#.. #..8..# ##. ...#
# #.8_8.# .. .... #..8..#
?. ..... ####### >#.
.#....


You could see an orc warrior, a black bear (berserk), an iguana and an orc.

Vanquished Creatures
  Edmund (D:5)
  A water moccasin (D:5)
  An ice beast (D:6)
  A kobold brigand (D:6)
  A scorpion (D:5)
  2 jellies (D:5)
  A hound (D:4)
  An orc priest (D:5)
  An orc wizard (D:5)
  2 iguanas (D:5)
  Robin (D:2)
  3 adders
  5 gnolls
  An ufetubus (D:5)
  3 worms
  A dart slug (D:5)
  6 orcs
  9 bats
  9 endoplasms
  3 giant cockroaches
  16 goblins
  6 hobgoblins
  4 quokkas
  8 ball pythons
  3 frilled lizards
  11 kobolds
  6 rats
107 creatures vanquished.

Notes
Turn   | Place    | Note
-------+----------+-------------------------------------------
     0 | D:1      | kevlar127 the Troll Berserker began the quest for the Orb.
     0 | D:1      | Reached XP level 1. HP: 22/22 MP: 0/0
   430 | D:1      | Reached XP level 2. HP: 29/29 MP: 1/1
   440 | D:1      | You fall into a shaft and drop 1 floor!
  1129 | D:2      | Noticed Robin
  1132 | D:2      | Reached XP level 3. HP: 34/36 MP: 2/2
  1136 | D:2      | Killed Robin
  1136 | D:2      | Reached ** piety under Trog
  1277 | D:2      | Reached XP level 4. HP: 32/45 MP: 3/3
  1287 | D:2      | Reached skill level 4 in Unarmed Combat
  1767 | D:2      | Found a faded altar of an unknown god.
  2326 | D:3      | Found Gyorphin's Magic Scroll Boutique.
  2724 | D:3      | Found an ancient bone altar of Kikubaaqudgha.
  2729 | D:3      | Reached XP level 5. HP: 53/53 MP: 4/4
  2733 | D:3      | Found a hazy altar of Hepliaklqana.
  2744 | D:3      | Found a broken altar of Ashenzari.
  2744 | D:3      | Found a basalt altar of Yredelemnul.
  2755 | D:3      | Found a shimmering blue altar of Sif Muna.
  2929 | D:4      | Reached *** piety under Trog
  3424 | D:4      | Found a glowing silver altar of Zin.
  3494 | D:4      | Found an opulent altar of Gozag.
  3541 | D:4      | Found Unkoot's Antique Armour Shop.
  3847 | D:4      | Reached skill level 1 in Armour
  3913 | D:5      | Entered Level 5 of the Dungeon
  4036 | D:5      | Reached XP level 6. HP: 8/62 MP: 5/5
  4409 | D:5      | Noticed Edmund
  4421 | D:5      | Killed Edmund
  4422 | D:5      | Reached skill level 5 in Unarmed Combat
  4643 | D:5      | Reached XP level 7. HP: 71/71 MP: 6/6
  5377 | D:6      | Reached skill level 5 in Fighting
  5377 | D:6      | Reached skill level 6 in Unarmed Combat
  5451 | D:6      | Found a staircase to the Ecumenical Temple.
  5484 | D:6      | Found an iron altar of Okawaru.
  5527 | D:6      | Found a glowing drain.
  5561 | D:6      | HP: 2/108 [black bear (9)]
  5561 | D:6      | Slain by a black bear

Illustrated notes

Levels and vault maps discovered:
D:1:      saegor_arrival_simple_d, layout_basic
D:2:      layout_loops_ring, dreamdust_ecumenical_altar_angels_and_demons,
          uniq_robin
D:3:      layout_basic, nicolae_overflow_hallway_of_the_gods, serial_shops,
          nicolae_shop_stone
D:4:      layout_basic, grunt_gozag_statues, lemuel_round_altar, serial_shops,
          shop
D:5:      layout_basic, wad_rectangle_vault, uniq_edmund
D:6:      layout_basic, kennysheep_okawaru_gauntlet, fiery_altar_vehumet,
          slow_altar_1, minmay_temple_entry_fiery, cheibrodos_sewer_entry_drain,
          palyth_stone_intersect

Skill      XL: |  1  2  3  4  5  6  7 |
---------------+----------------------+-----
Fighting       | 3 4 5 |  5.1
Dodging        | 3 |  3.0
Unarmed Combat | 4 5 6 |  6.0
Armour         | 1 2 3 |  3.0

Action                   |  1- 3 |  4- 6 |  7- 9 || total
-------------------------+-------+-------+-------++-------
Melee: Unarmed           |    86 |   152 |    50 ||   288
       Punch             |     1 |     1 |     1 ||     3
Throw: Dart              |       |       |     9 ||     9
       Stone             |       |       |     3 ||     3
Invok: Berserk           |       |     2 |     1 ||     3
       Trog's Hand       |       |     1 |       ||     1
 Stab: Sleeping          |     1 |       |       ||     1
Armor: Animal skin       |    16 |    39 |    21 ||    76
Dodge: Dodged            |    35 |    63 |    46 ||   144

Table legend: (Time is in decaauts)
 A = Elapsed time spent in this place.
 B = Non-inter-level travel time spent in this place.
 C = Inter-level travel time spent in this place.
 D = Time resting spent in this place.
 E = Time spent auto-exploring this place.
 F = Levels seen in this place.
 G = Mean time per level.
                   A        B        C        D        E       F      G
               +--------+--------+--------+--------+--------+-----+--------+
         Total |   5567 |   5148 |    419 |    962 |   3511 |   6 |  927.8 |
       Dungeon |   5567 |   5148 |    419 |    962 |   3511 |   6 |  927.8 |
               +--------+--------+--------+--------+--------+-----+--------+

Top non-repeatable levels by time:
     D:5: 1452 daAuts
     D:2: 1184 daAuts
     D:1: 1098 daAuts
     D:4: 986 daAuts
     D:3: 640 daAuts
     D:6: 204 daAuts
